 Dungeon Crawl Stone Soup version 0.32-a0-560-g4c7f4391e0 (webtiles) character file.

Game seed: 16911493112789288823

289 Dittersdorf the Covered (level 6, -10/39 HPs)
             Began as a Gargoyle Fighter on Feb 29, 2024.
             Killed by divine providence
             ... invoked by an orc priest
              (14 damage)
             ... on level 4 of the Dungeon.
             The game lasted 00:02:35 (2444 turns).

Dittersdorf the Covered (Gargoyle Fighter)          Turns: 2444, Time: 00:02:35

Health: -10/39     AC: 18    Str: 21    XL:     6   Next: 31%
Magic:  6/6        EV:  7    Int:  9    God:
Gold:   124        SH:  8    Dex:  9    Spells: 5/5 levels left

rFire   . . .        a - +0 flail
rCold   . . .        r - +0 kite shield
rNeg    + . .        n - +0 chain mail
rPois   ∞            (no helmet)
rElec   +            (no cloak)
rCorr   .            (no gloves)
SInv    .            (no boots)
Will    .....        l - amulet of regeneration Stlth
                     c - +4 ring of protection
HPRegen 1.06/turn    (no ring)
MPRegen 0.10/turn

%: no passive effects
@: no status effects
A: sickness immunity, AC +4, negative energy resistance 1, electricity
resistance, torment resistance 1, petrification resistance
a: Convert to Beogh


You were on level 4 of the Dungeon.
You visited 1 branch of the dungeon, and saw 4 of its levels.

You collected 124 gold pieces.

Inventory:

Hand Weapons
 a - a +0 flail (weapon)
Armour
 n - a +0 chain mail (worn)
 r - a +0 kite shield (worn)
Jewellery
 c - a +4 ring of protection (left hand)
 l - an amulet of regeneration (around neck)
Wands
 s - a wand of roots (13)
Scrolls
 b - a scroll of fog {unknown}
 e - 3 scrolls of poison
 g - a scroll of teleportation {unknown}
 m - 2 scrolls of torment {unknown}
 o - 2 scrolls of identify {unknown}
 q - a scroll of brand weapon {unknown}
Potions
 d - a potion of might
 f - 2 potions of curing {unknown}
 h - 2 potions of invisibility {unknown}
 i - 3 potions of attraction {unknown}
 j - a potion of berserk rage {unknown}
 k - 2 potions of heal wounds {unknown}
 p - 3 potions of mutation {unknown}
 t - a potion of magic {unknown}


   Skills:
 + Level 4.6 Fighting
 + Level 3.6 Maces & Flails
 + Level 4.7 Armour
 + Level 4.7 Shields


You had 5 spell levels left.
You didn't know any spells.
Your spell library contained the following spells:

 Spells                   Type           Power      Damage    Failure   Level
 Stone Arrow              Conj/Erth      0%         3d7       100%        3
 Tukima's Dance           Hex            0%         N/A       100%        3
 Animate Armour           Summ/Erth      0%         N/A       100%        4
 Passage of Golubria      Tloc           0%         N/A       100%        4
 Yara's Violent Unravell  Hex/Alch       0%         3d3       100%        5
 Lehudib's Crystal Spear  Conj/Erth      0%         10d2      100%        8


Dungeon Overview and Level Annotations

Branches:
Dungeon (4/15)
 Temple: D:4-7

Altars:
Elyvilon
Wu Jian


Innate Abilities, Weirdness & Mutations

You are immune to sickness and miasma.
Your stone body is resilient. (AC +4)
You are immune to poison.
You resist negative energy. (rN+)
You are resistant to electric shocks. (rElec)
You are resistant to unholy torment.
You are immune to petrification.


Message History

The orc priest mumbles some strange prayers to Beogh against you.
Beogh smites you! You block the quokka's attack.
Something hits you but does no damage.
The orc priest hits you but does no damage.
The orc priest threatens, "Beogh's wrath is as vast as their mercy.
Make your choice!"
You hit the orc priest.
The orc priest shouts, "The Pantheon deserves no one's loyalty.
Let us show you the true path!"
The orc priest is severely wounded.
The orc priest shouts, "Surrender to Beogh and we'll let you live!"
You block the quokka's attack. Something hits you.
The orc priest hits you with a +1 short sword of draining.
The quokka bites you but does no damage.
You are too injured to fight recklessly!
You are too injured to fight recklessly!
You are too injured to fight recklessly!
You are too injured to fight recklessly!
You are too injured to fight recklessly!
You are too injured to fight recklessly!
You are too injured to fight recklessly!
You are too injured to fight recklessly!
You are too injured to fight recklessly!
You are too injured to fight recklessly!
You are too injured to fight recklessly!
You are too injured to fight recklessly!
You are too injured to fight recklessly!
You are too injured to fight recklessly!
You are too injured to fight recklessly!
You are too injured to fight recklessly!
You are too injured to fight recklessly!
You are too injured to fight recklessly!
You closely miss the orc priest.
The orc priest is severely wounded.
Something hits you but does no damage.
The orc priest calls down the wrath of Beogh upon you.
Beogh smites you!
* * * LOW HITPOINT WARNING * * *
You block the quokka's attack. Something hits you but does no damage.
The orc priest invokes the aid of Beogh against you.
Beogh smites you!
You die...

########........
####...............
.........^.........
................###
................#
...............##
####.......###.+
#?......# ##
#.....o@#
#.....{.r#
#....#....#
#....#.#.....
....#.#.#.....
...#.#.#.#....#
..#.#.#.#.#.....
#.# #.# #.#....


You could see an orc priest and a quokka.

Vanquished Creatures
  A bombardier beetle (D:3)
  2 orc priests (D:3)
  An iguana (D:4)
  10 adders
  3 dart slugs
  2 ribbon worms (D:2)
  7 orcs
  9 ball pythons
  7 endoplasms
  2 giant cockroaches
  2 goblins
  4 hobgoblins
  2 jackals (D:2)
  2 quokkas (D:1)
  6 bats
  2 frilled lizards (D:2)
  A kobold (D:1)
  7 rats
70 creatures vanquished.

Notes
Turn   | Place    | Note
-------+----------+-------------------------------------------
     0 | D:1      | Dittersdorf the Gargoyle Fighter began the quest for the
                  | Orb.
     0 | D:1      | Reached XP level 1. HP: 14/14 MP: 1/1
   155 | D:1      | Reached XP level 2. HP: 18/19 MP: 2/2
   734 | D:2      | Reached XP level 3. HP: 23/23 MP: 3/3
  1495 | D:3      | Reached XP level 4. HP: 29/29 MP: 4/4
  1740 | D:3      | Reached XP level 5. HP: 33/33 MP: 5/5
  1940 | D:3      | Reached XP level 6. HP: 39/39 MP: 6/6
  2251 | D:3      | Found an ornate altar of the Wu Jian Council.
  2251 | D:3      | Found a white marble altar of Elyvilon.
  2444 | D:4      | Killed from afar by an orc priest

Illustrated notes

Levels and vault maps discovered:
D:1:      minmay_arrival_up_and_down, layout_basic
D:2:      layout_loops_ring
D:3:      layout_basic, gammafunk_temple_overflow_pools, kennysheep_doodads,
          minmay_snake_closets
D:4:      layout_basic, serial_shops, nicolae_shop_rolling_square,
          nicolae_shop_tiny_statue_garden, nicolae_take_the_stairs,
          nicolae_the_louvre, uniq_grinder

Skill      XL: |  1  2  3  4 |
---------------+-------------+-----
Armour         | 4 |  4.7
Shields        | 4 |  4.7
Fighting       | 4 |  4.6
Maces & Flails | 3 |  3.6

Action                     |  1- 3 |  4- 6 || total
---------------------------+-------+-------++-------
  Melee: Flail             |   148 |   165 ||   313
    Use: Scroll            |       |     1 ||     1
 Armour: Scale mail        |    78 |       ||    78
         Chain mail        |    19 |   155 ||   174
  Dodge: Dodged            |    64 |    57 ||   121
  Block: Buckler           |    38 |    10 ||    48
         Kite shield       |       |    54 ||    54

Table legend: (Time is in decaauts)
 A = Elapsed time spent in this place.
 B = Non-inter-level travel time spent in this place.
 C = Inter-level travel time spent in this place.
 D = Time resting spent in this place.
 E = Time spent auto-exploring this place.
 F = Levels seen in this place.
 G = Mean time per level.
                   A        B        C        D        E       F      G
               +--------+--------+--------+--------+--------+-----+--------+
         Total |   2546 |   2429 |    117 |      0 |   1718 |   4 |  636.5 |
       Dungeon |   2546 |   2429 |    117 |      0 |   1718 |   4 |  636.5 |
               +--------+--------+--------+--------+--------+-----+--------+

Top non-repeatable levels by time:
     D:3: 858 daAuts
     D:2: 845 daAuts
     D:1: 688 daAuts
     D:4: 154 daAuts
